 Dungeon Crawl Stone Soup version 0.32-a0-42-ga30500b4d3 (webtiles) character file.

Game seed: 10324664374078549765

7380 gruber the Fighter (level 11, -11/123 HPs)
             Began as an Oni Shapeshifter on Jan 19, 2024.
             Was a Priest of Uskayaw.
             Killed from afar by a fire dragon (37 damage)
             ... with a blast of flame
             ... on level 8 of the Dungeon on Jan 29, 2024.
             The game lasted 00:11:10 (9380 turns).

gruber the Fighter (Oni Shapeshifter)               Turns: 9380, Time: 00:11:11

Health: -11/123    AC:  5    Str: 24    XL:     11   Next: 14%
Magic:  17/17      EV: 13    Int: 11    God:    Uskayaw [***...]
Gold:   346        SH:  0    Dex: 20    Spells: 10/10 levels left

rFire   . .          .
                       - Unarmed
rCold   . . .        i - orb {light}
rNeg    . . .        G - +2 robe {Will+}
rPois   .            (helmet currently unavailable)
rElec   .            (cloak currently unavailable)
rCorr   .            (gloves unavailable)
SInv    .            (boots unavailable)
Will    ++...        (no amulet)
Stlth   +            m - +6 ring of dexterity
HPRegen 0.40/turn    s - +6 ring of dexterity
MPRegen 0.15/turn

%: no passive effects
@: beast-form, spiked, glowing, studying Armour
A: beast (slay +4), large, unfitting armour, horns 1, tough skin 1, double
potion healing, drunken brawling
a: Begin Untransformation, Renounce Religion, Stomp, Line Pass


You were on level 8 of the Dungeon.
You worshipped Uskayaw.
Uskayaw was aware of your devotion.
You were a hulking beast.
You visited 2 branches of the dungeon, and saw 9 of its levels.

You collected 346 gold pieces.

Inventory:

Missiles
 a - 2 throwing nets (quivered)
Armour
 i - an orb of light (worn)
 G - a +2 robe of willpower (worn)
Jewellery
 m - a +6 ring of dexterity (left hand)
 s - a +6 ring of dexterity (right hand)
Talismans
 c - a beast talisman
 d - a flux talisman
 z - a maw talisman
Wands
 r - a wand of mindburst (4)
 D - a wand of acid (1)
 H - a wand of roots (1)
Scrolls
 e - 4 scrolls of teleportation {unknown}
 f - 5 scrolls of noise {unknown}
 j - 3 scrolls of enchant weapon {unknown}
 k - 10 scrolls of identify {unknown}
 l - 2 scrolls of vulnerability {unknown}
 n - 2 scrolls of brand weapon {unknown}
 t - 3 scrolls of poison {unknown}
 w - a scroll of fog {unknown}
 y - a scroll of acquirement {unknown}
 A - a scroll of amnesia {unknown}
 C - a scroll of revelation {unknown}
 E - a scroll of enchant armour {unknown}
Potions
 b - a potion of lignification
 g - 3 potions of curing {unknown}
 h - 2 potions of invisibility {unknown}
 o - 2 potions of attraction {unknown}
 p - 3 potions of might {unknown}
 q - 4 potions of enlightenment {unknown}
 u - a potion of resistance {unknown}
 v - a potion of cancellation {unknown}
 x - a potion of haste {unknown}
 B - a potion of ambrosia {unknown}
 F - a potion of berserk rage {unknown}


   Skills:
 - Level 12.0 Fighting
 - Level 6.0 Dodging
 * Level 8.1 Unarmed Combat
 - Level 8.0 Invocations
 - Level 7.0 Shapeshifting


You had 10 spell levels left.
You didn't know any spells.
Your spell library contained the following spells:

 Spells                   Type           Power      Damage    Failure   Level
 Shock                    Conj/Air       0%         1d3       34%         1
 Ensorcelled Hibernation  Hex/Ice        0%         N/A       47%         2
 Jinxbite                 Hex            0%         N/A       47%         2
 Lesser Beckoning         Tloc           0%         N/A       47%         2
 Scorch                   Fire           0%         2d5       47%         2
 Dazzling Flash           Conj/Hex       0%         N/A       71%         3
 Fugue of the Fallen      Necr           0%         N/A       71%         3
 Gell's Gravitas          Tloc           0%         N/A       71%         3
 Mephitic Cloud           Conj/Alch/Air  0%         N/A       71%         3
 Ozocubu's Armour         Ice            0%         N/A       71%         3
 Swiftness                Air            0%         N/A       71%         3
 Teleport Other           Tloc           0%         N/A       71%         3
 Airstrike                Air            0%         2d(0-16)  98%         4
 Anguish                  Hex/Necr       0%         N/A       98%         4
 Flame Wave               Conj/Fire      0%         2d4       98%         4
 Manifold Assault         Tloc           0%         N/A       98%         4
 Curse of Agony           Necr           0%         N/A       100%        5
 Silence                  Hex/Air        0%         N/A       100%        5
 Yara's Violent Unravell  Hex/Alch       0%         3d3       100%        5
 Summon Cactus Giant      Summ           0%         N/A       100%        6
 Enfeeble                 Hex            0%         N/A       100%        7


Dungeon Overview and Level Annotations

Branches:
Dungeon (8/15)             Temple (1/1) D:7
   Lair: D:8-11

Altars:
Ashenzari
Cheibriados
Dithmenos
Elyvilon
Fedhas
Hepliaklqana
Kikubaaqudgha
Makhleb
Nemelex Xobeh
Okawaru
Qazlal
Ru
Sif Muna
Trog
Uskayaw
Vehumet
Wu Jian
Xom
Yredelemnul
Zin
The Shining One

Shops:
D:7 *

Annotations:
D:8 1 runed translucent door, Bard227's ghost, amateur MiFi


Innate Abilities, Weirdness & Mutations

You are a hulking beast.
Your limbs bulge with bestial killing power. (Slay +4)
You are too large for most types of armour.
You have a pair of small horns on your head.
You have tough skin. (AC +1)
You gain doubled healing and magic from potions.
Whenever you drink a healing potion, you attack all around you.


Message History

Press: ? - help, Shift-Dir - straight line, f/p - manticore
Aim: a manticore (heavily wounded, covered in acid, haloed, 88% to hit)
The bolt of acid hits the fire dragon!
The fire dragon seems to be corroded for longer.
The fire dragon is heavily wounded.
The bolt of acid hits the manticore.
The manticore seems to be corroded for longer.
The manticore is heavily wounded.
The manticore flicks its tail.
The volley of spikes skewers you!
The barbed spikes become lodged in your body.
The fire dragon bites you but does no damage.
The fire dragon claws you. The fire dragon closely misses you.
Uskayaw will force your foes to helplessly watch your dance.
Uskayaw prepares the audience for your solo!
The helpless fire dragon fails to defend itself.
You punch the fire dragon!
The fire dragon is heavily wounded.
The fire dragon is no longer paralysed.
You punch the fire dragon! You headbutt the fire dragon.
The fire dragon is severely wounded.
The fire dragon bites you!
* * * LOW HITPOINT WARNING * * *
The fire dragon claws you.
* * * LOW HITPOINT WARNING * * *
The fire dragon tramples you.
* * * LOW HITPOINT WARNING * * *
You stumble backwards!
Unknown command.
Unknown command.
Unknown command.
Okay, then.
Unknown command.
Unknown command.
You punch the fire dragon!
The fire dragon is almost dead.
The manticore is no longer paralysed.
The fire dragon breathes flames at you. The blast of flame hits you!!!
You die...

#####....#)..# ...
..#.#....##'#######'##
.........#.)[#:.(#...#
..#......#...#...'.H.#
[.#.....##...#!.)#...#
.##.....###)#######'##
.#.......#...#...#...#
...##....#...'...DH..#
.###.....#.(.#..h#...#
..###....#############
....#.........#
#.............#####
#..#.###.......##.#
#.##.#............##
#.#..#.............#
...................#
.#...............###


You could see a fire dragon (catching breath, corroded) and a manticore
(corroded).

Vanquished Creatures
  A centaur warrior (D:8)
  A deep elf pyromancer (D:8)
  Pikel (D:4)
  A cyclops (D:8)
  Joseph (D:8)
  Jeremiah (D:8)
  A gargoyle (D:8)
  An unseen horror (shapeshifter) (D:8)
  Prince Ribbit (D:7)
  A shadow (D:6)
  A wyvern (D:7)
  3 yaks (D:8)
  2 steam dragons
  3 water moccasins
  Duvessa (D:5)
  An ice beast (D:6)
  A black bear (D:6)
  A sky beast (D:7)
  2 centaurs
  2 lemures (D:4)
  An ogre (D:5)
  A phantom (D:5)
  A kobold brigand (D:6)
  A bullfrog (D:7)
  4 scorpions
  11 wights
  Dowan (D:5)
  3 killer bees (D:6)
  4 howler monkeys (D:7)
  3 hounds
  A jelly (D:4)
  3 gnoll boudas
  3 orc priests
  2 sleepcaps
  3 iguanas
  Ijyb (D:4)
  5 orc wizards
  10 adders
  17 gnolls
  A shadow imp (D:6)
  2 white imps
  3 dart slugs
  3 ribbon worms
  12 orcs
  10 endoplasms
  5 giant cockroaches
  6 goblins
  7 hobgoblins
  7 jackals (D:1)
  2 quokkas (D:3)
  2 ball pythons (D:2)
  A bat (D:2)
  2 frilled lizards
  10 kobolds
  9 rats
184 creatures vanquished.

Notes
Turn   | Place    | Note
-------+----------+-------------------------------------------
     0 | D:1      | gruber the Oni Shapeshifter began the quest for the Orb.
     0 | D:1      | Reached XP level 1. HP: 19/19 MP: 1/1
   166 | D:1      | Reached XP level 2. HP: 25/27 MP: 2/2
   426 | D:1      | Reached XP level 3. HP: 30/33 MP: 3/3
   555 | D:1      | Found a faded altar of an unknown god.
   941 | D:2      | Found a sparkling altar of Nemelex Xobeh.
  1355 | D:2      | Reached XP level 4. HP: 41/41 MP: 4/4
  2084 | D:3      | Reached skill level 5 in Unarmed Combat
  2179 | D:3      | Reached XP level 5. HP: 48/48 MP: 5/5
  2497 | D:4      | Noticed Ijyb
  2505 | D:4      | Killed Ijyb
  2640 | D:4      | Reached XP level 6. HP: 40/55 MP: 6/6
  3231 | D:5      | Entered Level 5 of the Dungeon
  3231 | D:5      | Noticed Pikel
  3344 | D:4      | Killed Pikel
  3345 | D:4      | Reached XP level 7. HP: 22/63 MP: 7/7
  3541 | D:5      | Reached skill level 2 in Fighting
  3541 | D:5      | Upgraded the game from 0.32-a0-30-gefbe487952 to
                  | 0.32-a0-35-gd9ff480968
  3572 | D:5      | Reached skill level 3 in Fighting
  3778 | D:5      | Found a burning altar of Makhleb.
  3834 | D:5      | Reached skill level 4 in Fighting
  3834 | D:5      | Reached XP level 8. HP: 32/78 MP: 8/8
  4029 | D:5      | Noticed Dowan
  4036 | D:5      | Reached skill level 5 in Fighting
  4074 | D:5      | Killed Dowan
  4245 | D:5      | Noticed Duvessa
  4249 | D:5      | Killed Duvessa
  4250 | D:5      | Reached skill level 6 in Fighting
  4301 | D:5      | Reached skill level 7 in Fighting
  4554 | D:5      | Upgraded the game from 0.32-a0-35-gd9ff480968 to
                  | 0.32-a0-42-ga30500b4d3
  4794 | D:5      | Reached skill level 8 in Fighting
  4816 | D:6      | Noticed a shadow
  4824 | D:6      | Killed a shadow
  5078 | D:6      | Reached XP level 9. HP: 79/96 MP: 9/9
  5232 | D:6      | Reached skill level 5 in Dodging
  6037 | D:6      | Reached skill level 5 in Shapeshifting
  6379 | D:7      | Noticed Prince Ribbit
  6409 | D:7      | Killed Prince Ribbit
  6478 | D:7      | Reached XP level 10. HP: 61/104 MP: 10/10
  6597 | D:7      | Found a staircase to the Ecumenical Temple.
  6705 | Temple   | Entered the Ecumenical Temple
  6781 | Temple   | Became a worshipper of Uskayaw the Reveller
  6881 | D:7      | Reached * piety under Uskayaw
  6884 | D:7      | Reached skill level 9 in Fighting
  7041 | D:7      | Reached ** piety under Uskayaw
  7094 | D:7      | Found Alushrid's General Store.
  7365 | D:8      | Noticed Jeremiah
  7368 | D:8      | Noticed Joseph
  7388 | D:8      | Killed Joseph
  7388 | D:8      | Reached *** piety under Uskayaw
  7389 | D:8      | Reached skill level 10 in Fighting
  7392 | D:8      | Reached **** piety under Uskayaw
  7394 | D:8      | Reached ***** piety under Uskayaw
  7411 | D:8      | Killed Jeremiah
  7680 | D:8      | Reached skill level 11 in Fighting
  8004 | D:8      | Found an ancient bone altar of Kikubaaqudgha.
  8042 | D:8      | Found a runed translucent door.
  8053 | D:8      | Noticed Bard227's ghost (amateur MiFi)
  8059 | D:8      | Identified the +9 trident of Gozag's Favour {heavy, *Rage
                  | rF- rN+++ Str+8}
  8125 | D:8      | Reached skill level 12 in Fighting
  8128 | D:8      | Reached skill level 1 in Invocations
  8462 | D:8      | Noticed a boulder beetle
  8671 | D:8      | Noticed a gargoyle
  8686 | D:8      | Noticed an unseen horror
  8687 | D:8      | Killed a gargoyle
  8690 | D:8      | Killed an unseen horror
  8691 | D:8      | Reached skill level 5 in Invocations
  8745 | D:8      | Noticed a deep elf pyromancer
  8755 | D:8      | Killed a deep elf pyromancer
  9038 | D:8      | Noticed a centaur warrior
  9050 | D:8      | Killed a centaur warrior
  9051 | D:8      | Reached XP level 11. HP: 106/123 MP: 14/16
  9063 | D:8      | Noticed a cyclops
  9071 | D:8      | Killed a cyclops
  9266 | D:8      | Noticed a manticore
  9368 | D:8      | Noticed a fire dragon
  9380 | D:8      | Killed from afar by a fire dragon

Illustrated notes

Levels and vault maps discovered:
D:1:      lightli_iron_boxes, layout_loops_ring,
          shapermc_ecumenical_altar_mp_urbaneastern
D:2:      layout_basic, basic_altar, minivault_26
D:3:      layout_basic
D:4:      layout_basic, serial_curves, eino_curves_02, eino_curves_02, uniq_ijyb
D:5:      layout_cave_pools, mainiacjoe_overflow_boulevard, serial_rivers,
          chequers_serial_rivers_small_b, chequers_serial_rivers_room_b,
          chequers_serial_rivers_micro_a, chequers_serial_rivers_micro_e,
          chequers_serial_rivers_micro_b, minmay_misc_feat_room, uniq_duvessa,
          uniq_pikel
D:6:      layout_gridville, grunt_ministairs_9, kennysheep_pointless_box,
          minmay_manual_maat
D:7:      layout_loops_ring, temple_statues, serial_shops,
          nicolae_shop_tiny_waterfront, chequers_serial_rivers_marsh,
          chequers_serial_rivers_micro_e, patterned_corridor,
          uniq_prince_ribbit1
D:8:      layout_cave_pools, kiku_gazebo_pond_becter,
          ebering_ghost_funeral_grove, chequers_arboretum, minmay_evil_grid,
          uniq_jeremiah, uniq_joseph
Temple:   hellmonk_temple_of_storms

Skill      XL: |  1  2  3  4  5  6  7  8  9 10 11 |
---------------+----------------------------------+-----
Unarmed Combat | 3 4 5 6 8 |  8.1
Fighting       | 4 8 12 | 12.0
Dodging        | 4 6 |  6.0
Shapeshifting  | 7 |  7.0
Invocations    | 7 8 |  8.0

Action                     |  1- 3 |  4- 6 |  7- 9 | 10-12 || total
---------------------------+-------+-------+-------+-------++-------
  Melee: Unarmed           |    85 |   107 |   183 |   161 ||   536
         Headbutt          |    13 |    29 |    47 |    43 ||   132
         Punch             |     1 |       |       |       ||     1
  Evoke: Wand              |       |       |     3 |     6 ||     9
    Use: Potion            |       |     1 |       |       ||     1
   Stab: Sleeping          |       |       |     1 |       ||     1
         Paralysed         |       |       |       |    11 ||    11
 Armour: Animal skin       |    43 |    51 |    83 |       ||   177
         Skin              |       |    15 |       |       ||    15
         Steam dragon scal |       |       |    32 |    25 ||    57
         Robe              |       |       |       |    78 ||    78
  Dodge: Dodged            |    24 |    39 |   110 |    60 ||   233

Table legend: (Time is in decaauts)
 A = Elapsed time spent in this place.
 B = Non-inter-level travel time spent in this place.
 C = Inter-level travel time spent in this place.
 D = Time resting spent in this place.
 E = Time spent auto-exploring this place.
 F = Levels seen in this place.
 G = Mean time per level.
                   A        B        C        D        E       F      G
               +--------+--------+--------+--------+--------+-----+--------+
         Total |   9310 |   8980 |    330 |   1070 |   6665 |   9 | 1034.4 |
       Dungeon |   9228 |   8904 |    324 |   1070 |   6637 |   8 | 1153.5 |
        Temple |     81 |     76 |      5 |      0 |     28 |   1 |   81.0 |
               +--------+--------+--------+--------+--------+-----+--------+

Top non-repeatable levels by time:
     D:8: 1995 daAuts
     D:6: 1472 daAuts
     D:5: 1289 daAuts
     D:4: 1167 daAuts
     D:7: 979 daAuts
     D:1: 845 daAuts
     D:3: 748 daAuts
     D:2: 730 daAuts
  Temple: 81 daAuts
